| TOP OF THE 1ST |
|
Rome Braves batting - Pitching for Auburn Doubledays : LHP Leo Gutierrez
|
|
Pitching: LHP Leo Gutierrez
|
|
|
Batting: RHB Rafael Reyes
|
0-0: Fly out, F8 (Line Drive, 89D, EV 105.0 MPH)
|
|
Batting: RHB Chris Trites
|
0-0: Ball 1-0: Foul Ball, location: 2F 1-1: Ball 2-1: Foul Ball, location: 2F 2-2: Strikes out swinging
|
|
Batting: LHB Ricardo Sandoval
|
0-0: Called Strike 0-1: Called Strike 0-2: DOUBLE (Groundball, 3L, EV 110.6 MPH)
|
|
Batting: LHB Tamaichi Sasada
|
0-0: Swinging Strike 0-1: Called Strike 0-2: Ball 1-2: Fly out, F9 (Flyball, 9D, EV 105.6 MPH)
|
| Top of the 1st over - 0 runs, 1 hit, 0 errors, 1 left on base; Rome 0 - Auburn 0 |
| BOTTOM OF THE 1ST |
|
Auburn Doubledays batting - Pitching for Rome Braves : RHP Carlos Esquivel
|
|
Pitching: RHP Carlos Esquivel
|
|
|
Batting: RHB Leo Gutierrez
|
0-0: Ball 1-0: Ground out U3 (Groundball, 3, EV 86.9 MPH)
|
|
Batting: LHB Adam Lancaster
|
0-0: Ball 1-0: Ball 2-0: Ball 3-0: Called Strike 3-1: Called Strike 3-2: Base on Balls
|
|
Batting: LHB John Holst
|
0-0: Ball 1-0: Ball 2-0: Ball 3-0: Called Strike 3-1: Foul Ball, location: 2F 3-2: Base on Balls Adam Lancaster to second
|
|
Batting: RHB Er Le
|
0-0: Ball 1-0: Called Strike 1-1: Ball 2-1: Fly out, F9 (Line Drive, 9LS, EV 92.5 MPH)
|
|
Batting: RHB Steve Bauman
|
0-0: Ball 1-0: Foul Ball, location: 2F 1-1: Foul Ball, location: 2F 1-2: DOUBLE (Line Drive, 5D, EV 95.6 MPH) Adam Lancaster scores John Holst to third Runner from 3rd tries for Home, SAFE, no throw by LF
|
|
Batting: LHB Yasuo Igarashi
|
0-0: Ball 1-0: Reached on error, E3 (Groundball, 34S, EV 81.2 MPH) Steve Bauman to third
|
|
Batting: RHB Scott Skoglund
|
0-0: Ball 1-0: Foul Ball, location: 2F 1-1: Ball 2-1: Called Strike 2-2: Ball 3-2: Fly out, F8 (Flyball, 8LM, EV 85.6 MPH)
|
| Bottom of the 1st over - 2 runs, 1 hit, 1 error, 2 left on base; Rome 0 - Auburn 2 |
| TOP OF THE 2ND |
|
Rome Braves batting - Pitching for Auburn Doubledays : LHP Leo Gutierrez
|
|
Batting: RHB Costantino Dolfini
|
0-0: Foul Ball, location: 2F 0-1: Ball 1-1: Ball 2-1: Called Strike 2-2: Foul Ball, location: 2F 2-2: Ball 3-2: Fly out, F9 (Flyball, 89M, EV 83.1 MPH)
|
|
Batting: RHB Dave Pizarro
|
0-0: Ball 1-0: Ball 2-0: Foul Ball, location: 2F 2-1: Called Strike 2-2: Ball 3-2: Strikes out swinging
|
|
Batting: RHB Tony Cabrera
|
0-0: Ball 1-0: Called Strike 1-1: Ball 2-1: Swinging Strike 2-2: Strikes out swinging
|
| Top of the 2nd over - 0 runs, 0 hits, 0 errors, 0 left on base; Rome 0 - Auburn 2 |
| BOTTOM OF THE 2ND |
|
Auburn Doubledays batting - Pitching for Rome Braves : RHP Carlos Esquivel
|
|
Batting: LHB Adam Jacobs
|
0-0: Ball 1-0: Swinging Strike 1-1: Called Strike 1-2: Ball 2-2: SINGLE (Groundball, 3D, EV 98.8 MPH)
|
|
Batting: LHB Jim Weidman
|
0-0: Ball 1-0: Swinging Strike 1-1: Called Strike 1-2: Ball 2-2: DOUBLE (Line Drive, 5D, EV 101.9 MPH) Adam Jacobs to third
|
|
Batting: RHB Leo Gutierrez
|
0-0: Ball 1-0: SINGLE (Groundball, 4MD, EV 106.9 MPH) Adam Jacobs scores Jim Weidman to third
|
|
Batting: LHB Adam Lancaster
|
0-0: Ball 1-0: Ball Leo Gutierrez steals 2nd, throwing error, E2 Jim Weidman scores Leo Gutierrez to third 2-0: Called Strike 2-1: Foul Ball, location: 2F 2-2: SINGLE (Groundball, 34D, EV 95.6 MPH) Leo Gutierrez scores
|
|
Batting: LHB John Holst
|
0-0: Called Strike 0-1: Ball 1-1: Ball 2-1: Called Strike 2-2: Strikes out swinging
|
|
Batting: RHB Er Le
|
0-0: Called Strike Adam Lancaster steals 2nd base 0-1: Swinging Strike 0-2: Ball 1-2: Foul Ball, location: 2F 1-2: Ball 2-2: Ball 3-2: Base on Balls
|
|
Batting: RHB Steve Bauman
|
0-0: Called Strike 0-1: Foul Ball, location: 2F 0-2: Strikes out swinging
|
|
Batting: LHB Yasuo Igarashi
|
0-0: Ball 1-0: Ball 2-0: Ball 3-0: Foul Ball, location: 2F 3-1: Base on Balls Adam Lancaster to third Er Le to second
|
|
Pitching: RHP Matt Buxton
|
|
|
Batting: RHB Scott Skoglund
|
0-0: Ball 1-0: Called Strike 1-1: Swinging Strike 1-2: Strikes out swinging
|
| Bottom of the 2nd over - 3 runs, 4 hits, 1 error, 3 left on base; Rome 0 - Auburn 5 |
| TOP OF THE 3RD |
|
Rome Braves batting - Pitching for Auburn Doubledays : LHP Leo Gutierrez
|
|
Batting: RHB Alex Campos
|
0-0: Swinging Strike 0-1: Ball 1-1: Ball 2-1: Foul Ball, location: 2F 2-2: Ball 3-2: Foul Ball, location: 2F 3-2: Strikes out swinging
|
|
Batting: LHB Jason Herr
|
0-0: Called Strike 0-1: Ball 1-1: Ball 2-1: Foul Ball, location: 2F 2-2: Strikes out swinging
|
|
Batting: RHB Rafael Reyes
|
0-0: Ball 1-0: Ball 2-0: SINGLE (Line Drive, 78S, EV 108.8 MPH)
|
|
Batting: RHB Chris Trites
|
0-0: Ball Rafael Reyes steals 2nd base (no throw) 1-0: Foul Ball, location: 2F 1-1: Ball 2-1: Fly out, F7 (Flyball, 7, EV 87.5 MPH)
|
| Top of the 3rd over - 0 runs, 1 hit, 0 errors, 1 left on base; Rome 0 - Auburn 5 |
| BOTTOM OF THE 3RD |
|
Auburn Doubledays batting - Pitching for Rome Braves : RHP Matt Buxton
|
|
Batting: LHB Adam Jacobs
|
0-0: Ground out U3 (Groundball, 3, EV 85.6 MPH)
|
|
Batting: LHB Jim Weidman
|
0-0: Ball 1-0: Ball 2-0: Ball 3-0: Base on Balls
|
|
Batting: RHB Leo Gutierrez
|
0-0: Called Strike 0-1: Foul Ball, location: 2F 0-2: Ball 1-2: Ground out U3 (Groundball, 3, EV 85.6 MPH) Jim Weidman to second
|
|
Batting: LHB Adam Lancaster
|
0-0: Called Strike 0-1: Ball 1-1: Foul Ball, location: 2F 1-2: Hit by Pitch
|
|
Batting: LHB John Holst
|
0-0: Ball Passed Ball! Jim Weidman to third Adam Lancaster to second 1-0: Ball 2-0: Swinging Strike 2-1: Ball 3-1: Base on Balls
|
|
Batting: RHB Er Le
|
0-0: SINGLE (Groundball, 34D, EV 101.2 MPH) Jim Weidman scores Adam Lancaster to third John Holst to second Runner from 3rd tries for Home, SAFE, throw by RF to home
|
|
Batting: RHB Steve Bauman
|
0-0: Swinging Strike 0-1: Ground out 4-3 (Groundball, 4, EV 81.9 MPH)
|
| Bottom of the 3rd over - 2 runs, 1 hit, 0 errors, 2 left on base; Rome 0 - Auburn 7 |
| TOP OF THE 4TH |
|
Rome Braves batting - Pitching for Auburn Doubledays : LHP Leo Gutierrez
|
|
Batting: LHB Ricardo Sandoval
|
0-0: Foul Ball, location: 2F 0-1: Foul Ball, location: 2F 0-2: Foul Ball, location: 2F 0-2: Fly out, F7 (Flyball, 7LM, EV 100.0 MPH)
|
|
Batting: LHB Tamaichi Sasada
|
0-0: Called Strike 0-1: Foul Ball, location: 2F 0-2: Ball 1-2: SOLO HOME RUN (Flyball, 9D, EV 106.2 MPH), Distance : 402 ft
|
|
Batting: RHB Costantino Dolfini
|
0-0: Ball 1-0: Called Strike 1-1: Fly out, F8 (Flyball, 8LM, EV 76.9 MPH)
|
|
Batting: RHB Dave Pizarro
|
0-0: Fly out, F5 (Popup, 56S, EV 74.4 MPH)
|
| Top of the 4th over - 1 run, 1 hit, 0 errors, 0 left on base; Rome 1 - Auburn 7 |
| BOTTOM OF THE 4TH |
|
Auburn Doubledays batting - Pitching for Rome Braves : RHP Matt Buxton
|
|
Batting: LHB Yasuo Igarashi
|
0-0: Ball 1-0: Foul Ball, location: 2F 1-1: Ball 2-1: Ball 3-1: Ground out 4-3 (Groundball, 4, EV 101.2 MPH)
|
|
Batting: RHB Scott Skoglund
|
0-0: Swinging Strike 0-1: Called Strike 0-2: Foul Ball, location: 2F 0-2: Strikes out swinging
|
|
Batting: LHB Adam Jacobs
|
0-0: Ball 1-0: Ball 2-0: Called Strike 2-1: Foul Ball, location: 2F 2-2: TRIPLE (Line Drive, 89XD, EV 112.5 MPH)
|
|
Batting: LHB Jim Weidman
|
0-0: Ground out 5-3 (Groundball, 5L, EV 80.6 MPH)
|
| Bottom of the 4th over - 0 runs, 1 hit, 0 errors, 1 left on base; Rome 1 - Auburn 7 |
| TOP OF THE 5TH |
|
Rome Braves batting - Pitching for Auburn Doubledays : LHP Leo Gutierrez
|
|
Batting: RHB Tony Cabrera
|
0-0: Ground out 4-3 (Groundball, 4S, EV 91.9 MPH)
|
|
Batting: RHB Alex Campos
|
0-0: Ball 1-0: Fly out, F6 (Popup, 6S, EV 81.9 MPH)
|
|
Batting: LHB Jason Herr
|
0-0: Ball 1-0: Ball 2-0: Swinging Strike 2-1: SINGLE (Line Drive, 4D, EV 95.6 MPH)
|
|
Batting: RHB Rafael Reyes
|
0-0: Called Strike 0-1: Ball 1-1: Ground out 4-3 (Groundball, 4, EV 91.2 MPH)
|
| Top of the 5th over - 0 runs, 1 hit, 0 errors, 1 left on base; Rome 1 - Auburn 7 |
| BOTTOM OF THE 5TH |
|
Auburn Doubledays batting - Pitching for Rome Braves : RHP Matt Buxton
|
|
Batting: RHB Leo Gutierrez
|
0-0: Ball 1-0: Called Strike 1-1: Ball 2-1: Ground out 5-3 (Groundball, 56S, EV 71.2 MPH)
|
|
Batting: LHB Adam Lancaster
|
0-0: Ball 1-0: Foul Ball, location: 2F 1-1: Ball 2-1: Swinging Strike 2-2: Foul Ball, location: 2F 2-2: Strikes out looking
|
|
Batting: LHB John Holst
|
0-0: Ball 1-0: Swinging Strike 1-1: Ball 2-1: Foul Ball, location: 2F 2-2: Ground out 6-3 (Groundball, 6M, EV 101.9 MPH)
|
| Bottom of the 5th over - 0 runs, 0 hits, 0 errors, 0 left on base; Rome 1 - Auburn 7 |
| TOP OF THE 6TH |
|
Rome Braves batting - Pitching for Auburn Doubledays : LHP Leo Gutierrez
|
|
Batting: RHB Chris Trites
|
0-0: Foul Ball, location: 2F 0-1: Ball 1-1: Swinging Strike 1-2: Strikes out looking
|
|
Batting: LHB Ricardo Sandoval
|
0-0: Called Strike 0-1: Swinging Strike 0-2: Strikes out looking
|
|
Batting: LHB Tamaichi Sasada
|
0-0: Ball 1-0: Fly out, F8 (Line Drive, 8LM, EV 92.5 MPH)
|
| Top of the 6th over - 0 runs, 0 hits, 0 errors, 0 left on base; Rome 1 - Auburn 7 |
| BOTTOM OF THE 6TH |
|
Auburn Doubledays batting - Pitching for Rome Braves : RHP Matt Buxton
|
|
Batting: RHB Er Le
|
0-0: Called Strike 0-1: Foul Ball, location: 2F 0-2: Ground out 4-3 (Groundball, 4, EV 103.8 MPH)
|
|
Batting: RHB Steve Bauman
|
0-0: Called Strike 0-1: Foul Ball, location: 2F 0-2: Ball 1-2: Ball 2-2: Ball 3-2: Base on Balls
|
|
Pitching: RHP Marvin Rosas
|
|
|
Batting: LHB Yasuo Igarashi
|
0-0: Fielders Choice at 2nd, 3-6 (Groundball, 34S, EV 78.1 MPH)
|
|
Batting: RHB Scott Skoglund
|
0-0: Ball 1-0: Foul Ball, location: 2F 1-1: Ball 2-1: Foul Ball, location: 2F 2-2: Ball 3-2: SINGLE (Line Drive, 4MD, EV 103.1 MPH) Yasuo Igarashi to second Yasuo Igarashi to third
|
|
Batting: LHB Adam Jacobs
|
0-0: Ball 1-0: Foul Ball, location: 2F 1-1: Swinging Strike 1-2: Foul Ball, location: 2F 1-2: Ball 2-2: Ball 3-2: Foul Ball, location: 2F 3-2: Base on Balls Scott Skoglund to second
|
|
Batting: LHB Jim Weidman
|
0-0: DOUBLE (Groundball, 3L, EV 105.0 MPH) Yasuo Igarashi scores Scott Skoglund scores Adam Jacobs to third Runner from 3rd tries for Home, SAFE, throw by RF to trailing runner, SAFE at third!
|
|
Batting: RHB Leo Gutierrez
|
0-0: Called Strike 0-1: Ball 1-1: Swinging Strike 1-2: Strikes out swinging
|
| Bottom of the 6th over - 3 runs, 2 hits, 0 errors, 1 left on base; Rome 1 - Auburn 10 |
| TOP OF THE 7TH |
|
Rome Braves batting - Pitching for Auburn Doubledays : LHP Leo Gutierrez
|
|
Pinch Hitting: RHB Tetsuro Sato
|
0-0: Fly out, F9 (Flyball, 9S, EV 85.0 MPH)
|
|
Batting: RHB Dave Pizarro
|
0-0: Called Strike 0-1: Ball 1-1: Ball 2-1: Foul Ball, location: 2F 2-2: Foul Ball, location: 2F 2-2: Strikes out looking
|
|
Batting: RHB Tony Cabrera
|
0-0: SINGLE (Line Drive, 7S, EV 88.8 MPH)
|
|
Pitching: RHP Josh Jenkins
|
|
|
Batting: RHB Alex Campos
|
0-0: Ball Tony Cabrera steals 2nd base (no throw) 1-0: Ball 2-0: Called Strike 2-1: Ground out 6-3 (Groundball, 6, EV 86.2 MPH)
|
| Top of the 7th over - 0 runs, 1 hit, 0 errors, 1 left on base; Rome 1 - Auburn 10 |
| BOTTOM OF THE 7TH |
|
Auburn Doubledays batting - Pitching for Rome Braves : RHP Marvin Rosas
|
|
Now in RF: Tetsuro Sato
|
|
|
Pinch Hitting: RHB John Gibbs
|
0-0: Called Strike 0-1: DOUBLE (Flyball, 89XD, EV 93.1 MPH)
|
|
Batting: LHB John Holst
|
0-0: Ball 1-0: Ball 2-0: Ball 3-0: Base on Balls
|
|
Batting: RHB Er Le
|
0-0: Ball 1-0: Ball 2-0: Fly out, F7 (Line Drive, 78M, EV 104.4 MPH)
|
|
Batting: RHB Steve Bauman
|
0-0: Fielders Choice at 2nd, 5-4 (Groundball, 5S, EV 81.2 MPH) John Gibbs to third
|
|
Batting: LHB Yasuo Igarashi
|
0-0: Called Strike 0-1: Foul Ball, location: 2F 0-2: Ball 1-2: SINGLE (Line Drive, 89M, EV 96.9 MPH) John Gibbs scores Steve Bauman to second
|
|
Batting: RHB Scott Skoglund
|
0-0: Ball 1-0: Ball 2-0: Ball 3-0: Base on Balls Steve Bauman to third Yasuo Igarashi to second
|
|
Pitching: LHP Tyler Portier
|
|
|
Batting: LHB Adam Jacobs
|
0-0: Called Strike 0-1: Ball 1-1: SINGLE (Groundball, 4D, EV 101.9 MPH) Steve Bauman scores Yasuo Igarashi to third Scott Skoglund to second Runner from 3rd tries for Home, SAFE, throw by CF to home
|
|
Batting: LHB Jim Weidman
|
0-0: Fly out, F7 (Flyball, 7LM, EV 89.4 MPH)
|
| Bottom of the 7th over - 3 runs, 3 hits, 0 errors, 2 left on base; Rome 1 - Auburn 13 |
| TOP OF THE 8TH |
|
Rome Braves batting - Pitching for Auburn Doubledays : RHP Josh Jenkins
|
|
Now at 2B: John Gibbs
|
|
|
Now at SS: Yasuo Igarashi
|
|
|
Batting: LHB Jason Herr
|
0-0: Foul Ball, location: 2F 0-1: Ball 1-1: Foul Ball, location: 2F 1-2: Strikes out looking
|
|
Batting: RHB Rafael Reyes
|
0-0: Swinging Strike 0-1: Swinging Strike 0-2: Ball 1-2: Foul Ball, location: 2F 1-2: Strikes out looking
|
|
Batting: RHB Chris Trites
|
0-0: Called Strike 0-1: Ball 1-1: Foul Ball, location: 2F 1-2: Strikes out swinging
|
| Top of the 8th over - 0 runs, 0 hits, 0 errors, 0 left on base; Rome 1 - Auburn 13 |
| BOTTOM OF THE 8TH |
|
Auburn Doubledays batting - Pitching for Rome Braves : LHP Tyler Portier
|
|
Batting: RHB Leo Gutierrez
|
0-0: Called Strike 0-1: Ball 1-1: Ball 2-1: Ball 3-1: Foul Ball, location: 2F 3-2: Ground out 5-3 (Groundball, 56, EV 86.9 MPH)
|
|
Batting: RHB John Gibbs
|
0-0: Foul Ball, location: 2F 0-1: Ground out 4-3 (Groundball, 4, EV 88.1 MPH)
|
|
Batting: LHB John Holst
|
0-0: Ball 1-0: Foul Ball, location: 2F 1-1: Swinging Strike 1-2: Foul Ball, location: 2F 1-2: Ball 2-2: Foul Ball, location: 2F 2-2: Foul Ball, location: 2F 2-2: Foul Ball, location: 2F 2-2: Fly out, F8 (Line Drive, 8RM, EV 84.4 MPH)
|
| Bottom of the 8th over - 0 runs, 0 hits, 0 errors, 0 left on base; Rome 1 - Auburn 13 |
| TOP OF THE 9TH |
|
Rome Braves batting - Pitching for Auburn Doubledays : RHP Josh Jenkins
|
|
Batting: LHB Ricardo Sandoval
|
0-0: DOUBLE (Line Drive, 7LM, EV 107.5 MPH)
|
|
Batting: LHB Tamaichi Sasada
|
0-0: Ball 1-0: Swinging Strike 1-1: Foul Ball, location: 2F 1-2: Strikes out swinging
|
|
Batting: RHB Tetsuro Sato
|
0-0: Ground out 6-3 (Groundball, 6, EV 106.2 MPH)
|
|
Batting: RHB Dave Pizarro
|
0-0: Swinging Strike 0-1: Foul Ball, location: 2F 0-2: Foul Ball, location: 2F 0-2: Strikes out swinging
|
| Top of the 9th over - 0 runs, 1 hit, 0 errors, 1 left on base; Rome 1 - Auburn 13 |
|